 Dungeon Crawl Stone Soup version 0.30-a0-304-gdc4b735fe1 (webtiles) character file.

Game seed: 15385835415395484079

191747 Morbidden the Gnoll Aeon (level 18, -2/141 HPs)
             Began as a Gnoll Conjurer on Oct 20, 2022.
             Was the Champion of Cheibriados.
             Shot with a bolt by a naga sharpshooter (18 damage)
             ... on level 3 of the Snake Pit.
             The game lasted 01:02:34 (35824 turns).

Morbidden the Gnoll Aeon (Gnoll Conjurer)          Turns: 35824, Time: 01:02:34

Health: -2/141     AC: 20    Str: 31    XL:     18   Next: 66%
Magic:  7/35       EV: 18    Int: 42    God:    Cheibriados [******]
Gold:   2035       SH: 28    Dex: 28    Spells: 8/43 levels left

rFire   + + +      SeeInvis .    a - +2 demon whip (elec)
rCold   + + .      Faith    .    T - +2 tower shield {rC+}
rNeg    + + .      Spirit   .    S - +2 plate armour {rF+}
rPois   +          Reflect  +    G - -2 hat of the Alchemist {rElec rPois rF+ rC+ rN+ Will+ rMut rCorr}
rElec   +          Harm     .    K - +0 cloak of the Everdark {Int+4}
rCorr   +          Rampage  .    I - +2 pair of gloves {Str+3}
rMut    +                        (no boots)
Will    ++...                    Y - amulet of reflection
Stlth   +++.......               j - ring "Uschalis" {rElec rF+ rN+ Str+6 Stlth+}
HPRegen 0.43/turn                V - +4 ring of evasion
MPRegen 0.24/turn

@: lethally poisoned (-2 -> -3), constricted, studying Fire Magic, very slow
A: fangs 1, strong nose, distributed training
a: Renounce Religion, Bend Time, Temporal Distortion, Slouch, Step From Time


You were on level 3 of the Snake Pit.
You worshipped Cheibriados.
Cheibriados was exalted by your worship.
You visited 5 branches of the dungeon, and saw 26 of its levels.
You also visited: Gauntlet and Volcano.

You collected 4531 gold pieces.
You spent 2496 gold pieces at shops.

Inventory:

Hand Weapons
 a - a +2 demon whip of electrocution (weapon)
 f - a +1 demon trident of flaming
 g - a +3 scimitar of flaming
 H - the +10 scimitar of Impeachment {protect, rPois Will+++ MP-9 Str+4}
   (You found it on level 10 of the Dungeon)

   It grants its wielder temporary protection when it strikes (+7 to AC).
   Str:       It affects your strength (+4).
   rPois:     It protects you from poison.
   MP:        It affects your magic capacity (-9).
   Will:      It greatly increases your willpower.
Missiles
 u - 3 throwing nets
 x - 27 boomerangs (quivered)
 A - 3 curare-tipped darts
 F - 39 poisoned darts
 N - 3 silver javelins
 O - 5 javelins
Armour
 D - the +1 ring mail of the Desert {rF++ MP-9 Int+3}
   (You found it on level 7 of the Dungeon)

   Int:       It affects your intelligence (+3).
   rF:        It greatly protects you from fire.
   MP:        It affects your magic capacity (-9).
 G - the -2 hat of the Alchemist (worn) {rElec rPois rF+ rC+ rN+ Will+ rMut rCorr}
   (You bought it in a shop on level 2 of the Orcish Mines)

   rF:        It protects you from fire.
   rC:        It protects you from cold.
   rElec:     It insulates you from electricity.
   rPois:     It protects you from poison.
   rN:        It protects you from negative energy.
   rCorr:     It protects you from acid and corrosion.
   rMut:      It protects you from mutation.
   Will:      It increases your willpower.
 I - a +2 pair of gloves of strength (worn)
 K - the +0 cloak of the Everdark (worn) {Int+4}
   (You found it on level 11 of the Dungeon)

   Int:       It affects your intelligence (+4).
 S - a +2 plate armour of fire resistance (worn)
 T - a +2 tower shield of cold resistance (worn)
Magical Staves
 b - a staff of conjuration
Jewellery
 j - the ring "Uschalis" (left hand) {rElec rF+ rN+ Str+6 Stlth+}
   (You found it on level 2 of the Dungeon)

   [ring of strength]

   Str:       It affects your strength (+6).
   rF:        It protects you from fire.
   rElec:     It insulates you from electricity.
   rN:        It protects you from negative energy.
   Stlth:     It makes you more stealthy.
 r - an amulet of magic regeneration
 v - a ring of protection from cold
 M - a ring of flight
 U - an amulet of regeneration
 V - a +4 ring of evasion (right hand)
 Y - an amulet of reflection (around neck)
Wands
 y - a wand of polymorph (17)
 C - a wand of roots (17)
 R - a wand of quicksilver (5)
Scrolls
 l - 2 scrolls of fear
 n - 5 scrolls of enchant weapon
 o - a scroll of identify
 p - 14 scrolls of teleportation
 q - 2 scrolls of summoning
 t - 5 scrolls of amnesia
 E - a scroll of blinking
 W - 7 scrolls of poison
 X - 3 scrolls of fog
Potions
 c - 6 potions of lignification
 d - 5 potions of resistance
 e - 5 potions of heal wounds
 h - 5 potions of ambrosia
 i - 7 potions of curing
 k - 3 potions of magic
 m - 3 potions of berserk rage
 s - a potion of cancellation {unknown}
 z - 2 potions of flight {unknown}
 B - 4 potions of might
 L - 6 potions of invisibility
 P - 3 potions of mutation
 Q - 2 potions of brilliance
Miscellaneous
 w - a tin of tremorstones (2/2)
 Z - a phantom mirror


   Skills:
 + Level 12.3 Fighting
 + Level 12.3 Short Blades
 + Level 12.3 Long Blades
 + Level 12.3 Axes
 + Level 12.3 Maces & Flails
 + Level 12.3 Polearms
 + Level 12.3 Staves
 + Level 12.3 Ranged Weapons
 + Level 12.3 Throwing
 + Level 12.3 Armour
 + Level 13.1 Dodging
 + Level 13.0 Stealth
 + Level 12.3 Shields
 + Level 12.3 Unarmed Combat
 + Level 13.2 Spellcasting
 + Level 12.5 Conjurations
 + Level 10.4 Hexes
 + Level 10.4 Summonings
 + Level 10.4 Necromancy
 + Level 10.4 Translocations
 + Level 10.4 Transmutations
 + Level 11.3 Fire Magic
 + Level 10.4 Ice Magic
 + Level 10.4 Air Magic
 + Level 10.4 Earth Magic
 + Level 10.4 Poison Magic
 + Level 13.3 Invocations
 + Level 12.3 Evocations


You had 8 spell levels left.
You knew the following spells:

 Your Spells              Type           Power      Damage    Failure   Level
a - Fireball              Conj/Fire      45%        3d18      6%          5
b - Arcjolt               Conj/Air       45%        1d55      8%          5
c - Summon Forest         Summ/Tloc      43%        N/A       12%         5
d - Searing Ray           Conj           100%       2d8       1%          2
e - Fulminant Prism       Conj/Hex       45%        3d21      2%          4
f - Dispel Undead         Necr           86%        3d28      4%          4
s - Statue Form           Tmut/Erth      57%        N/A       54%         6
z - Iskenderun's Mystic   Conj/Tloc      90%        2d18      2%          4

Your spell library contained the following spells:

 Spells                   Type           Power      Damage    Failure   Level
 Foxfire                  Conj/Fire      100%       2x1d9     1%          1
 Kiss of Death            Conj/Necr      100%       2d13      1%          1
 Magic Dart               Conj           100%       1d8       1%          1
 Summon Small Mammal      Summ           100%       N/A       1%          1
 Call Imp                 Summ           86%        N/A       1%          2
 Scorch                   Fire           100%       2d10      1%          2
 Call Canine Familiar     Summ           86%        N/A       1%          3
 Confusing Touch          Hex            86%        N/A       1%          3
 Dazzling Flash           Conj/Hex       100%       N/A       1%          3
 Ignite Poison            Fire/Tmut/Pois 87%        N/A       1%          3
 Mephitic Cloud           Conj/Pois/Air  88%        N/A       1%          3
 Summon Guardian Golem    Hex/Summ       86%        N/A       1%          3
 Tukima's Dance           Hex            86%        N/A       1%          3
 Flame Wave               Conj/Fire      91%        2d19      2%          4
 Sticky Flame             Conj/Fire      91%        2d10      2%          4
 Anguish                  Hex/Necr       43%        N/A       4%          4
 Petrify                  Tmut/Erth      86%        N/A       4%          4
 Freezing Cloud           Conj/Ice/Air   44%        6-21      9%          5
 Metabolic Englaciation   Hex/Ice        43%        N/A       12%         5
 Starburst                Conj/Fire      45%        6d13      34%         6
 Eringya's Noxious Bog    Tmut/Pois      43%        N/A       54%         6
 Simulacrum               Ice/Necr       43%        N/A       54%         6
 Summon Hydra             Summ           43%        N/A       98%         7
 Ignition                 Fire           44%        3d13      100%        8
 Fire Storm               Conj/Fire      45%        8d12      100%        9
 Polar Vortex             Ice            43%        N/A       100%        9


Dungeon Overview and Level Annotations

Branches:
Dungeon (15/15)            Temple (1/1) D:5            Lair (5/5) D:8
 Shoals (0/4) Lair:2        Snake (3/4) Lair:3        Slime (0/5) Lair:4
    Orc (2/2) D:9             Elf (0/3) Orc:2        Vaults (0/5) D:14
 Depths (0/4) D:15        Volcano (visited)         Gauntlet (visited)

Altars:
Ashenzari
Cheibriados
Dithmenos
Elyvilon
Fedhas
Gozag
Hepliaklqana
Kikubaaqudgha
Makhleb
Nemelex Xobeh
Okawaru
Qazlal
Ru
Sif Muna
Trog
Uskayaw
Vehumet
Wu Jian
Xom
Yredelemnul
Zin
The Shining One
Jiyva

Shops:
D:5 *   Orc:2 [((*[**[

Portals:
Hell: Lair:5
Trove: D:15 (give 16 scrolls of teleportation)

Annotations:
D:3 2 transporters, trauermantel's ghost, amateur GrFi
Lair:1 1 runed translucent door, Dnbvrw's ghost, journeyman SpEn


Innate Abilities, Weirdness & Mutations

You have very sharp teeth.
Your uncanny sense of smell can sniff out nearby items.
Your experience applies equally to all skills.


Message History

A salamander comes into view. It is wielding a +2 halberd of venom.
You hear a shout!
Unknown command.
You escape the naga's grasp.
You feel sick. You block the naga's attack. x2
You block the naga warrior's attack. The naga warrior barely misses you.
You block the naga warrior's attack. The naga warrior completely misses you.
Unknown command.
Unknown command.
You hit the naga warrior.
You bite the naga warrior, but do no damage.
The naga warrior is lightly wounded.
The naga hits you with a +0 short sword!
The naga grabs you. The naga constricts you.
The naga warrior spits poison at you.
The splash of poison hits you but does no damage.
You resist.
Okay, then.
As you read the scroll of fear, it crumbles to dust.
You assume a fearsome visage.
The naga warrior looks frightened!
The naga sharpshooter resists with some effort.
The naga warrior looks frightened!
The salamander looks frightened!
The naga looks frightened!
You feel sick. The naga loses its grip on you.
The naga sharpshooter spits poison at you.
The splash of poison reflects off an invisible shield around you!
The splash of poison hits the naga warrior.
INVALID YOU_FAULTLESS attack snaps the naga warrior out of its fear.
Unknown command.
Unknown command.
A naga ritualist and a naga come into view.
The naga is wielding a +1 vorpal halberd.
You feel sick. You block the naga warrior's attack. x2
The naga sharpshooter shoots a bolt.
You reflect the bolt off an invisible shield around you!
The bolt closely misses the naga sharpshooter.
The naga warrior hits you with a +0 long sword!!
* * * LOW HITPOINT WARNING * * *
The naga warrior grabs you. The naga warrior constricts you.
* * * LOW HITPOINT WARNING * * *
The naga sharpshooter shoots a bolt.
The bolt hits you!!
You die...

#####....
.........
........##
.......).##
......N)..#
......†...#
........).#
..........##
.......<.@N#
#.....†...N...NN.
#........N#....##
#..............#
#....####....###
##.## #.#### #.
#.# # #.#


You could see 2 naga warriors, a naga sharpshooter, a salamander (strong,
fleeing), a naga ritualist and a naga (strong, fleeing).

Vanquished Creatures
  Kirke (Lair:5)
  4 orc warlords
  A demonspawn black sun (D:14)
  A minotaur (Gauntlet)
  An ettin (D:15)
  8 hydras
  A salamander tyrant (Snake:2)
  3 ogre magi
  2 boulder beetles
  6 anacondas
  20 two-headed ogres
  A catoblepas (Gauntlet)
  3 centaur warriors
  Erica (D:11)
  5 naga warriors
  8 death yaks
  4 tengu warriors
  5 naga sharpshooters
  3 shock serpents (Snake:2)
  2 sun demons (D:14)
  2 skeletal warriors (D:14)
  Nergalle (Lair:3)
  A sixfirhy (Lair:5)
  4 sea snakes (Snake:2)
  4 deep trolls
  An orange crystal statue (D:14)
  2 salamander mystics (Snake:2)
  2 naga ritualists
  2 wizards
  6 orc knights
  A lindwurm (Lair:2)
  2 phantasmal warriors (D:14)
  A manticore (shapeshifter) (D:14)
  A necromancer (D:15)
  5 mana vipers
  4 deep elf pyromancers
  4 orc sorcerers (Orc:1)
  2 manticores
  9 salamanders
  6 cyclopes
  2 ugly things (D:12)
  An elephant (Lair:5)
  18 black mambas
  7 naga magi
  2 molten gargoyles (Gauntlet)
  2 guardian serpents (Snake:2)
  3 orange demons (Lair:5)
  A smoke demon (Gauntlet)
  3 gargoyles
  16 cane toads
  4 unseen horrors
  6 rime drakes (Lair:5)
  A kobold demonologist (D:9)
  A freezing wraith (D:15)
  3 ice devils (Lair:5)
  A minotaur zombie (Gauntlet)
  8 komodo dragons
  An efreet (D:14)
  A hellwing (Lair:5)
  2 tengu conjurers
  A merfolk (Lair:2)
  14 trolls
  2 hornets
  3 polar bears (Lair:4)
  Grinder (D:3)
  17 blink frogs
  A blink frog (shapeshifter) (D:14)
  A culicivora (shapeshifter) (D:14)
  A shadow (D:9)
  A vampire (D:11)
  2 fire bats (Volcano)
  A spriggan (Lair:3)
  4 wraiths
  2 wyverns
  5 hogs (Lair:5)
  46 yaks
  2 steam dragons
  2 basilisks
  A golden eye (shapeshifter) (D:15)
  10 vampire mosquitoes
  13 wargs
  23 nagas
  2 acid dragons
  5 hell hounds
  Duvessa (D:6)
  16 water moccasins
  38 orc warriors
  3 large abominations
  An ice beast (D:4)
  7 black bears
  30 ogres
  2 wolves (Lair:5)
  22 centaurs
  3 phantoms
  13 bullfrogs
  3 kobold brigands
  5 necrophages
  A scorpion (D:4)
  8 small abominations
  A gnoll sergeant (D:9)
  5 wights
  Dowan (D:6)
  6 killer bees (D:8)
  A troll zombie (D:9)
  An electric eel (Lair:2)
  3 howler monkeys
  3 crimson imps (Gauntlet)
  3 jellies
  8 hounds
  A gnoll bouda (D:6)
  16 orc priests
  25 orc wizards
  3 iguanas
  4 hell rats (Lair:1)
  5 ogre zombies (D:9)
  7 gnolls
  12 adders
  A shadow imp (D:4)
  2 white imps
  2 ufetubi (D:5)
  2 worms (D:2)
  4 dart slugs
  86 orcs
  5 ball pythons
  4 endoplasms
  3 giant cockroaches
  3 goblins
  23 hobgoblins
  2 jackals (D:3)
  8 quokkas
  8 bats
  6 frilled lizards
  2 goblin zombies (D:9)
  2 hobgoblin skeletons (D:9)
  2 hobgoblin zombies (D:9)
  22 kobolds
  An orc skeleton (D:9)
  12 orc zombies (D:9)
  5 rats
  A butterfly (Lair:4)
  A fulminant prism (D:9)
848 creatures vanquished.

Vanquished Creatures (collateral kills)
  A two-headed ogre (Orc:2)
  A death knight (D:13)
  A sea snake (Snake:2)
  A black mamba (Snake:2)
  A troll (Orc:2)
  An ogre (Orc:2)
  3 orcs (Orc:2)
9 creatures vanquished.

Vanquished Creatures (others)
  Nessos (Lair:5)
  A wizard (D:14)
  A naga (Snake:2)
  An orc wizard (Orc:2)
  A demonic plant (Gauntlet)
  20 fulminant prisms
  27 fungi
  40 plants
92 creatures vanquished.

Grand Total: 949 creatures vanquished

Notes
Turn   | Place    | Note
-------+----------+-------------------------------------------
     0 | D:1      | Morbidden the Gnoll Conjurer began the quest for the Orb.
     0 | D:1      | Reached XP level 1. HP: 13/13 MP: 6/6
   124 | D:1      | Reached XP level 2. HP: 19/19 MP: 3/7
   137 | D:1      | Learned a level 2 spell: Searing Ray
   437 | D:1      | Reached skill level 5 in Spellcasting
   437 | D:1      | Reached XP level 3. HP: 25/25 MP: 2/9
   682 | D:1      | Reached skill level 1 in Invocations
  1210 | D:2      | Identified the ring "Uschalis" {rElec rF+ rN+ Str+6 Stlth+}
  1397 | D:2      | Found a faded altar of an unknown god.
  1449 | D:2      | Reached skill level 1 in Fighting
  1449 | D:2      | Reached skill level 1 in Short Blades
  1449 | D:2      | Reached skill level 1 in Long Blades
  1449 | D:2      | Reached skill level 1 in Axes
  1449 | D:2      | Reached skill level 1 in Maces & Flails
  1449 | D:2      | Reached skill level 1 in Polearms
  1449 | D:2      | Reached skill level 1 in Staves
  1449 | D:2      | Reached skill level 1 in Ranged Weapons
  1449 | D:2      | Reached skill level 1 in Throwing
  1449 | D:2      | Reached skill level 1 in Armour
  1449 | D:2      | Reached skill level 1 in Shields
  1449 | D:2      | Reached skill level 1 in Unarmed Combat
  1449 | D:2      | Reached skill level 1 in Evocations
  1611 | D:2      | Reached XP level 4. HP: 32/32 MP: 9/11
  2045 | D:3      | Noticed Grinder
  2059 | D:3      | Killed Grinder
  2060 | D:3      | Reached skill level 5 in Dodging
  2060 | D:3      | Reached skill level 1 in Hexes
  2060 | D:3      | Reached skill level 1 in Summonings
  2060 | D:3      | Reached skill level 1 in Necromancy
  2060 | D:3      | Reached skill level 1 in Translocations
  2060 | D:3      | Reached skill level 1 in Transmutations
  2060 | D:3      | Reached skill level 1 in Fire Magic
  2060 | D:3      | Reached skill level 1 in Ice Magic
  2060 | D:3      | Reached skill level 1 in Air Magic
  2060 | D:3      | Reached skill level 1 in Earth Magic
  2060 | D:3      | Reached skill level 1 in Poison Magic
  2060 | D:3      | Reached XP level 5. HP: 31/38 MP: 0/12
  2060 | D:3      | Reached XP level 6. HP: 36/44 MP: 0/14
  2249 | D:3      | Found a transporter.
  2255 | D:3      | Learned a level 4 spell: Iskenderun's Mystic Blast
  2260 | D:3      | Learned a level 4 spell: Fulminant Prism
  2266 | D:3      | Found a transporter.
  2266 | D:3      | Noticed trauermantel's ghost (amateur GrFi)
  2364 | D:3      | Learned a level 4 spell: Dispel Undead
  2786 | D:4      | Noticed an ice beast
  2793 | D:4      | Killed an ice beast
  2794 | D:4      | Reached XP level 7. HP: 35/50 MP: 7/15
  3129 | D:4      | Reached skill level 5 in Stealth
  3945 | D:5      | Entered Level 5 of the Dungeon
  3961 | D:4      | Reached XP level 8. HP: 22/58 MP: 16/16
  4262 | D:5      | Found a staircase to the Ecumenical Temple.
  4304 | Temple   | Entered the Ecumenical Temple
  4365 | Temple   | Became a worshipper of Cheibriados the Contemplative
  4523 | D:5      | Found a bloodstained altar of Trog.
  4579 | D:5      | Found a white marble altar of Elyvilon.
  5098 | D:5      | Reached * piety under Cheibriados
  5179 | D:5      | Found Niqiciod's Elemental Accessories.
  5646 | D:6      | Noticed Dowan
  6021 | D:6      | Reached XP level 9. HP: 43/65 MP: 0/18
  6187 | D:6      | Found a stormy altar of Qazlal.
  6361 | D:6      | Noticed Duvessa
  6367 | D:6      | Killed Duvessa
  6376 | D:6      | Killed Dowan
  6742 | D:6      | Reached ** piety under Cheibriados
  6910 | D:6      | Found a shimmering blue altar of Sif Muna.
  6911 | D:6      | Found a radiant altar of Vehumet.
  6913 | D:6      | Found a stormy altar of Qazlal.
  6915 | D:6      | Found a sacrificial altar of Ru.
  6916 | D:6      | Found an ornate altar of the Wu Jian Council.
  7223 | D:6      | Reached skill level 5 in Invocations
  7608 | D:7      | Found a blossoming altar of Fedhas.
  7650 | D:7      | Found a shadowy altar of Dithmenos.
  7834 | D:7      | Found a basalt altar of Yredelemnul.
  7903 | D:7      | Found a hazy altar of Hepliaklqana.
  7938 | D:7      | Identified the +1 ring mail of the Desert {rF++ MP-9 Int+3}
  8187 | D:7      | Reached skill level 5 in Fighting
  8187 | D:7      | Reached skill level 5 in Short Blades
  8187 | D:7      | Reached skill level 5 in Long Blades
  8187 | D:7      | Reached skill level 5 in Axes
  8187 | D:7      | Reached skill level 5 in Maces & Flails
  8187 | D:7      | Reached skill level 5 in Polearms
  8187 | D:7      | Reached skill level 5 in Staves
  8187 | D:7      | Reached skill level 5 in Ranged Weapons
  8187 | D:7      | Reached skill level 5 in Throwing
  8187 | D:7      | Reached skill level 5 in Armour
  8187 | D:7      | Reached skill level 5 in Shields
  8187 | D:7      | Reached skill level 5 in Unarmed Combat
  8187 | D:7      | Reached skill level 5 in Evocations
  8187 | D:7      | Reached XP level 10. HP: 66/74 MP: 2/20
  8379 | D:7      | Reached *** piety under Cheibriados
  9051 | D:8      | Identified the +5 sling of the Well-Known Curses {speed,
                  | rF- Str+6 Int+3}
  9163 | D:8      | Noticed a two-headed ogre
  9170 | D:8      | Killed a two-headed ogre
  9563 | D:8      | Found a staircase to the Lair.
  9777 | D:9      | Noticed a two-headed ogre
  9783 | D:9      | Killed a two-headed ogre
  9856 | D:9      | Reached **** piety under Cheibriados
 10125 | D:9      | Found a shimmering altar of Xom.
 10176 | D:9      | Found a staircase to the Orcish Mines.
 10189 | D:9      | Reached skill level 5 in Hexes
 10189 | D:9      | Reached skill level 5 in Summonings
 10189 | D:9      | Reached skill level 5 in Necromancy
 10189 | D:9      | Reached skill level 5 in Translocations
 10189 | D:9      | Reached skill level 5 in Transmutations
 10189 | D:9      | Reached skill level 5 in Fire Magic
 10189 | D:9      | Reached skill level 5 in Ice Magic
 10189 | D:9      | Reached skill level 5 in Air Magic
 10189 | D:9      | Reached skill level 5 in Earth Magic
 10189 | D:9      | Reached skill level 5 in Poison Magic
 10189 | D:9      | Reached XP level 11. HP: 38/81 MP: 6/22
 10582 | D:9      | Reached ***** piety under Cheibriados
 11173 | D:9      | Found a sparkling altar of Nemelex Xobeh.
 11487 | D:10     | Entered Level 10 of the Dungeon
 11682 | D:10     | Found an ancient bone altar of Kikubaaqudgha.
 11727 | D:10     | Identified the +10 scimitar of Impeachment {protect, rPois
                  | Will+++ MP-9 Str+4}
 12571 | D:11     | Noticed Erica
 12581 | D:11     | Killed Erica
 12672 | D:11     | Noticed a boulder beetle
 12691 | D:11     | Killed a boulder beetle
 12804 | D:11     | Identified the +0 cloak of the Everdark {Int+4}
 12982 | D:11     | Noticed a two-headed ogre
 12989 | D:11     | Killed a two-headed ogre
 13954 | Lair:1   | Entered Level 1 of the Lair of Beasts
 14261 | Lair:1   | Reached XP level 12. HP: 83/91 MP: 7/24
 14548 | Lair:1   | Learned a level 6 spell: Statue Form
 15105 | Lair:1   | Found a runed translucent door.
 15106 | Lair:1   | Noticed Dnbvrw's ghost (journeyman SpEn)
 15438 | Lair:2   | Found a dark tunnel.
 15492 | Volcano  | Entered a volcano
 15922 | Lair:2   | Noticed a boulder beetle
 15933 | Lair:2   | Killed a boulder beetle
 16373 | Lair:2   | Found a staircase to the Shoals.
 16793 | Lair:2   | Noticed a four-headed hydra
 16803 | Lair:2   | Killed a four-headed hydra
 16984 | Lair:2   | Reached skill level 10 in Conjurations
 16984 | Lair:2   | Reached XP level 13. HP: 99/99 MP: 6/26
 16985 | Lair:2   | Reached skill level 10 in Dodging
 16985 | Lair:2   | Reached skill level 10 in Spellcasting
 16985 | Lair:2   | Reached XP level 14. HP: 106/106 MP: 6/28
 16986 | Lair:2   | Reached skill level 10 in Stealth
 16986 | Lair:2   | Reached skill level 10 in Invocations
 16986 | Lair:2   | Reached XP level 15. HP: 113/113 MP: 6/29
 17425 | Lair:3   | Noticed Nergalle
 17648 | Lair:3   | Killed Nergalle
 17841 | Lair:3   | Reached ****** piety under Cheibriados
 18234 | Lair:3   | You fall into a shaft and drop 1 floor!
 18423 | Lair:4   | Reached XP level 16. HP: 86/120 MP: 21/30
 18538 | Lair:4   | Found a staircase to the Slime Pits.
 18539 | Lair:4   | Found a viscous altar of Jiyva.
 18911 | Lair:3   | Found a staircase to the Snake Pit.
 19768 | Lair:4   | Identified the +1 scale mail "Huol" {rF+ Dex-4 Slay+2}
 20365 | Lair:5   | Entered Level 5 of the Lair of Beasts
 20703 | Lair:5   | Reached skill level 10 in Fighting
 20703 | Lair:5   | Reached skill level 10 in Short Blades
 20703 | Lair:5   | Reached skill level 10 in Long Blades
 20703 | Lair:5   | Reached skill level 10 in Axes
 20703 | Lair:5   | Reached skill level 10 in Maces & Flails
 20703 | Lair:5   | Reached skill level 10 in Polearms
 20703 | Lair:5   | Reached skill level 10 in Staves
 20703 | Lair:5   | Reached skill level 10 in Ranged Weapons
 20703 | Lair:5   | Reached skill level 10 in Throwing
 20703 | Lair:5   | Reached skill level 10 in Armour
 20703 | Lair:5   | Reached skill level 10 in Shields
 20703 | Lair:5   | Reached skill level 10 in Unarmed Combat
 20703 | Lair:5   | Reached skill level 10 in Evocations
 21209 | Lair:5   | Noticed Nessos
 21217 | Lair:5   | Killed Nessos
 22102 | Lair:5   | Noticed Kirke
 22109 | Lair:5   | Killed Kirke
 22195 | Lair:5   | Found a burning altar of Makhleb.
 22213 | Lair:5   | Found a gateway to Hell.
 23302 | Orc:1    | Entered Level 1 of the Orcish Mines
 23826 | D:12     | Found a gate leading to a gauntlet.
 23836 | Gauntlet | Entered a Gauntlet
 23836 | Gauntlet | Found a transporter.
 23836 | Gauntlet | Found a transporter.
 23884 | Gauntlet | Found a transporter.
 23885 | Gauntlet | Found a transporter.
 23886 | Gauntlet | Found a transporter.
 23888 | Gauntlet | Found a transporter.
 23895 | Gauntlet | Found a transporter.
 23896 | Gauntlet | Found a transporter.
 23897 | Gauntlet | Found a transporter.
 23899 | Gauntlet | Found a transporter.
 23903 | Gauntlet | Found a runed translucent door.
 23903 | Gauntlet | Found a runed translucent door.
 23907 | Gauntlet | Found a transporter.
 23907 | Gauntlet | Found a transporter.
 24658 | Gauntlet | Identified the +1 ring mail of the Raven {Dex+3}
 25223 | D:12     | Identified the +5 falchion of the Nexus {vorpal, Str+4}
 25311 | D:12     | Got the Handbook of Attacks
 25479 | D:13     | Found a burning altar of Makhleb.
 25719 | D:13     | Reached XP level 17. HP: 112/129 MP: 10/32
 26307 | D:13     | Learned a level 5 spell: Arcjolt
 26631 | D:14     | Found a gate to the Vaults.
 27631 | D:14     | Identified the +1 plate armour of Ybire {rPois rC- rCorr}
 27654 | D:14     | Got the Anthology of Kindling and Fascination
 27664 | D:14     | Learned a level 5 spell: Summon Forest
 27756 | D:14     | Identified the +10 sling of the Demagogue {freeze, rN+
                  | rCorr Int+2 Dex-2}
 28328 | D:15     | Entered Level 15 of the Dungeon
 28770 | D:15     | Found a portal to a secret trove of treasure.
 28832 | D:15     | Found a staircase to the Depths.
 29000 | D:10     | Identified the +8 great sword "Baloc" {vorpal, rC++ Str-2}
 29398 | D:15     | Found an ornate altar of the Wu Jian Council.
 30326 | Orc:1    | Reached skill level 10 in Fire Magic
 30333 | Orc:1    | Paralysed by an orc sorcerer for 3 turns
 30587 | Orc:1    | Found the amulet of the Air {Inacc Air Fly rElec RMsl}
 30778 | Orc:2    | Entered Level 2 of the Orcish Mines
 30778 | Orc:2    | Found a staircase to the Elven Halls.
 30845 | Orc:2    | Found Aqatus's Armour Shop.
 30881 | Orc:2    | Bought a +2 tower shield of cold resistance for 322 gold
                  | pieces
 31035 | Orc:2    | Found a shimmering blue altar of Sif Muna.
 31091 | Orc:2    | Found Odif's Antique Weapon Shoppe.
 31096 | Orc:2    | Found Goohox's General Store.
 31122 | Orc:2    | Reached XP level 18. HP: 72/139 MP: 14/34
 31153 | Orc:2    | Found Cisuuxuo's Weapon Emporium.
 31436 | Orc:2    | Found Ogyoth's Assorted Antiques.
 31440 | Orc:2    | Found Tughokak's Armour Shop.
 31452 | Orc:2    | Found Pihiune's General Store.
 31461 | Orc:2    | Bought a manual of Fire Magic for 800 gold pieces
 31475 | Orc:2    | Bought a +0 pair of gloves of strength for 149 gold pieces
 31496 | Orc:2    | Found Uram's General Store.
 31504 | Orc:2    | Bought a potion of mutation for 136 gold pieces
 31504 | Orc:2    | Bought a scroll of enchant armour for 127 gold pieces
 31548 | Orc:2    | Found Bamug's Armour Boutique.
 31561 | Orc:2    | Bought the -2 hat of the Alchemist {rElec rPois rF+ rC+ rN+
                  | Will+ rMut rCorr} for 566 gold pieces
 31561 | Orc:2    | Found the -2 hat of the Alchemist {rElec rPois rF+ rC+ rN+
                  | Will+ rMut rCorr}
 32118 | Snake:1  | Entered Level 1 of the Snake Pit
 32124 | Snake:1  | Reached skill level 10 in Hexes
 32124 | Snake:1  | Reached skill level 10 in Summonings
 32124 | Snake:1  | Reached skill level 10 in Necromancy
 32124 | Snake:1  | Reached skill level 10 in Translocations
 32124 | Snake:1  | Reached skill level 10 in Transmutations
 32124 | Snake:1  | Reached skill level 10 in Ice Magic
 32124 | Snake:1  | Reached skill level 10 in Air Magic
 32124 | Snake:1  | Reached skill level 10 in Earth Magic
 32124 | Snake:1  | Reached skill level 10 in Poison Magic
 32345 | D:5      | Bought Zeiguos's Verses on Flames for 396 gold pieces
 32351 | D:5      | Learned a level 5 spell: Fireball
 34014 | Snake:2  | Found the +0 pair of fencer's gloves {Riposte Dex+3}
 35824 | Snake:3  | Shot with a bolt by a naga sharpshooter

Illustrated notes

Levels and vault maps discovered:
D:1:      dpeg_chamrin_arrival_tetris, layout_rooms, hangedman_decor_growths,
          st_stairs_11
D:2:      layout_loops_corners, chequers_ecumenical_altar_twisty,
          serial_park_tiny_pond
D:3:      layout_basic, gammafunk_ghost_arena, uniq_grinder
D:4:      kb_forest_paths, layout_gridville, kennysheep_generic_room_16
D:5:      layout_loops_cross, mainiacjoe_overflow_brackets,
          lightli_temple_of_fire, temple_pool_b, nicolae_elemental_shop
D:6:      layout_basic, grunt_temple_overflow_open, kennysheep_diamond,
          kennysheep_small_square, uniq_duvessa
D:7:      layout_cave_pools, lemuel_round_altar, fedhas_altar_2,
          overflow_temple_1_default, mainiacjoe_overflow_boulevard,
          kennysheep_potato
D:8:      layout_basic, grunt_lair_entry_orc_guard_hut
D:9:      layout_basic, lemuel_coloured_pillars_altar, lemuel_crystal_altar,
          zombieorc1_lemuel
D:10:     layout_stronghold, kennysheep_mini, nicolae_straight_to_the_point
D:11:     layout_basic, palyth_stone_intersect, uniq_erica
D:12:     layout_roguey, gauntlet_entry_generic, special_room [special_room_orc]
D:13:     layout_basic, makhleb_altar_promises_db
D:14:     dreamdust_black_sun_cult, layout_loops_ring, david_vaults_2,
          minmay_protected_statue
D:15:     hangedman_depths_entry_civil_slaughter, layout_loops_corners,
          kennysheep_flooded_box, nicolae_trove_entry_isolated,
          nicolae_wu_jian_wuxing_cycle
Temple:   nicolae_temple_godpark
Lair:1:   layout_roguey, ebering_ghost_reflecting_pool, roderic_batcave,
          nicolae_lair_lil_pond
Lair:2:   layout_regular_city, elwin_shoals_entry_rooms,
          nicolae_volcano_entry_vermiform
Lair:3:   layout_hall_layers, minmay_snake_entry_six_corridors,
          grunt_forest_large_clearing_hut, serial_bayou_shore_b,
          serial_bayou_shore_b, serial_bayou_shore_a, uniq_nergalle
Lair:4:   layout_roguey, slime_entry_1, serial_bayou_shore_b,
          grunt_megastairs_3, lemuel_fruit_fields
Lair:5:   evil_forest, layout_hall_layers, infiniplex_staircase_pool,
          lemuel_fruit_tree, uniq_nessos, uniq_kirke
Snake:1:  layout_rooms, nicolae_snake_gridmaze_big_u, grunt_megastairs_5,
          serial_bayou_shore_b
Snake:2:  layout_concentric_octagons, nicolae_snake_springs
Snake:3:  layout_chambers, basic_altar
Orc:1:    cheibrodos_orc_bank, layout_caves, abandoned_shop, minmay_orc_treasury
Orc:2:    st_orc_open, layout_caves, serial_shops, shop_statue, shop,
          shop_fountains, nicolae_shop_bloodbath_and_beyond, shop_coins,
          kennysheep_orc_sif_temple

Skill      XL: |  1  2  3  4  5  6  7  8  9 10 11 12 13 14 15 16 17 18 |
---------------+-------------------------------------------------------+-----
Spellcasting   | 5 6 7 8 9 10 11 12 13 | 13.2
Invocations    | 1 2 3 4 5 6 7 9 10 11 12 13 | 13.3
Fighting       | 1 2 3 4 5 6 7 8 9 10 11 12 | 12.3
Short Blades   | 1 2 3 4 5 6 7 8 9 10 11 12 | 12.3
Long Blades    | 1 2 3 4 5 6 7 8 9 10 11 12 | 12.3
Axes           | 1 2 3 4 5 6 7 8 9 10 11 12 | 12.3
Maces & Flails | 1 2 3 4 5 6 7 8 9 10 11 12 | 12.3
Polearms       | 1 2 3 4 5 6 7 8 9 10 11 12 | 12.3
Staves         | 1 2 3 4 5 6 7 8 9 10 11 12 | 12.3
Ranged Weapons | 1 2 3 4 5 6 7 8 9 10 11 12 | 12.3
Throwing       | 1 2 3 4 5 6 7 8 9 10 11 12 | 12.3
Armour         | 1 2 3 4 5 6 7 8 9 10 11 12 | 12.3
Shields        | 1 2 3 4 5 6 7 8 9 10 11 12 | 12.3
Unarmed Combat | 1 2 3 4 5 6 7 8 9 10 11 12 | 12.3
Evocations     | 1 2 3 4 5 6 7 8 9 10 11 12 | 12.3
Dodging        | 5 6 7 8 9 10 11 12 13 | 13.1
Hexes          | 1 2 3 4 5 7 8 9 10 | 10.4
Summonings     | 1 2 3 4 5 7 8 9 10 | 10.4
Necromancy     | 1 2 3 4 5 7 8 9 10 | 10.4
Translocations | 1 2 3 4 5 7 8 9 10 | 10.4
Transmutations | 1 2 3 4 5 7 8 9 10 | 10.4
Fire Magic     | 1 2 3 4 5 7 8 9 10 11 | 11.3
Ice Magic      | 1 2 3 4 5 7 8 9 10 | 10.4
Air Magic      | 1 2 3 4 5 7 8 9 10 | 10.4
Earth Magic    | 1 2 3 4 5 7 8 9 10 | 10.4
Poison Magic   | 1 2 3 4 5 7 8 9 10 | 10.4
Stealth        | 5 6 7 8 9 10 11 12 13 | 13.0
Conjurations   | 8 9 10 11 12 | 12.5

Action                   |  1- 3 |  4- 6 |  7- 9 | 10-12 | 13-15 | 16-18 || total
-------------------------+-------+-------+-------+-------+-------+-------++-------
Melee: Short sword       |       |       |    23 |       |       |       ||    23
       Bite              |       |       |     6 |    27 |     5 |   110 ||   148
       Staff             |       |       |     6 |    19 |     4 |   296 ||   325
       Trident           |       |       |     2 |    75 |       |       ||    77
       Punch             |       |       |     1 |    13 |       |       ||    14
       Scimitar          |       |       |       |    92 |    18 |   128 ||   238
       Demon whip        |       |       |       |       |       |   105 ||   105
Throw: Dart              |       |       |       |    42 |     2 |     5 ||    49
       Boomerang         |       |       |       |       |       |    21 ||    21
 Cast: Magic Dart        |    67 |    53 |   216 |   156 |     9 |    91 ||   592
       Searing Ray       |       |     4 |    34 |    35 |     6 |    29 ||   108
       Iskenderun's Myst |       |       |     5 |    78 |    27 |   170 ||   280
       Fulminant Prism   |       |       |     4 |    12 |     1 |     4 ||    21
       Arcjolt           |       |       |       |       |       |    70 ||    70
       Summon Forest     |       |       |       |       |       |     2 ||     2
       Fireball          |       |       |       |       |       |    73 ||    73
Invok: Slouch            |       |       |       |       |       |     5 ||     5
Evoke: Wand              |       |       |       |     1 |       |     4 ||     5
       Phantom mirror    |       |       |       |       |       |     1 ||     1
  Use: Scroll            |       |       |     6 |     8 |       |    17 ||    31
       Potion            |       |       |       |     3 |     3 |     2 ||     8
 Stab: Sleeping          |       |       |     2 |     5 |       |     4 ||    11
       Distracted        |       |       |       |     2 |       |     1 ||     3
Armor: Robe              |       |     1 |       |       |       |       ||     1
       Leather armour    |       |     1 |    12 |     1 |       |       ||    14
       Steam dragon scal |       |       |       |    23 |       |       ||    23
       Troll leather arm |       |       |       |    27 |       |       ||    27
       Plate armour      |       |       |       |    23 |     7 |   137 ||   167
Dodge: Dodged            |       |     7 |   105 |   251 |    22 |   368 ||   753
Block: Kite shield       |       |       |       |       |    31 |   434 ||   465
       Reflection        |       |       |       |       |       |    71 ||    71
       Tower shield      |       |       |       |       |       |   355 ||   355

Table legend: (Time is in decaauts)
 A = Elapsed time spent in this place.
 B = Non-inter-level travel time spent in this place.
 C = Inter-level travel time spent in this place.
 D = Time resting spent in this place.
 E = Time spent auto-exploring this place.
 F = Levels seen in this place.
 G = Mean time per level.
                   A        B        C        D        E       F      G
               +--------+--------+--------+--------+--------+-----+--------+
         Total |  49766 |  44572 |   5194 |   3210 |  34977 |  28 | 1777.4 |
       Dungeon |  27743 |  23884 |   3859 |   2311 |  18508 |  15 | 1849.5 |
        Temple |     80 |     69 |     11 |      0 |     50 |   1 |   80.0 |
          Lair |  12236 |  11394 |    842 |    549 |   9473 |   5 | 2447.2 |
     Snake Pit |   4797 |   4467 |    330 |      0 |   3954 |   3 | 1599.0 |
  Orcish Mines |   3235 |   3085 |    150 |      6 |   2501 |   2 | 1617.5 |
       Volcano |    497 |    497 |      0 |    122 |     26 |   1 |  497.0 |
      Gauntlet |   1175 |   1175 |      0 |    222 |    462 |   1 | 1175.0 |
               +--------+--------+--------+--------+--------+-----+--------+

Top non-repeatable levels by time:
  Lair:5: 3044 daAuts
 Snake:2: 2949 daAuts
     D:9: 2841 daAuts
  Lair:2: 2684 daAuts
    D:13: 2528 daAuts
  Lair:4: 2486 daAuts
     D:6: 2380 daAuts
     D:8: 2355 daAuts
    D:11: 2173 daAuts
    D:14: 2115 daAuts
  Lair:1: 2088 daAuts
    D:10: 2078 daAuts
    D:15: 2029 daAuts
   Orc:2: 1965 daAuts
  Lair:3: 1932 daAuts
